 Dungeon Crawl Stone Soup version 0.31-a0-1025-g2e47921a08 (webtiles) character file.

Game seed: 6896114319633372163

86 Barriton the Conjurer (level 4, -1/33 HPs)
             Began as a Draconian Conjurer on Nov 17, 2023.
             Slain by a gnoll
             ... wielding a +0 club
              (6 damage)
             ... on level 2 of the Dungeon.
             The game lasted 00:02:37 (1944 turns).

Barriton the Conjurer (Draconian Conjurer)          Turns: 1944, Time: 00:02:39

Health: -1/33      AC:  5    Str: 10    XL:     4   Next: 27%
Magic:  1/8        EV: 12    Int: 20    God:
Gold:   87         SH:  0    Dex:  9    Spells: 5/8 levels left

rFire   . . .        (no weapon)
rCold   . . .        (no shield)
rNeg    . . .        (body armour unavailable)
rPois   .            (helmet restricted)
rElec   .            (no cloak)
rCorr   .            (no gloves)
SInv    .            (no boots)
Will    +....        (no amulet)
Stlth   ++           f - ring of willpower
HPRegen 0.25/turn    (no ring)
MPRegen 0.11/turn

%: no passive effects
@: no status effects
A: AC +5, unfitting armour, cold-blooded
a: no special abilities


You were on level 2 of the Dungeon.
You visited 1 branch of the dungeon, and saw 2 of its levels.

You collected 87 gold pieces.

Inventory:

Jewellery
 f - a ring of willpower (left hand)
Talismans
 d - a flux talisman
Scrolls
 b - a scroll of identify
Potions
 a - a potion of magic
 c - a potion of heal wounds {unknown}
 g - 4 potions of curing


   Skills:
 + Level 2.0 Dodging
 + Level 2.1 Stealth
 + Level 0.3 Unarmed Combat
 + Level 2.9 Spellcasting
 + Level 4.9 Conjurations


You had 5 spell levels left.
You knew the following spells:

 Your Spells              Type           Power      Damage    Failure   Level
a - Magic Dart            Conj           88%        1d7       1%          1
b - Searing Ray           Conj           44%        2d6       2%          2

Your spell library contained the following spells:

 Spells                   Type           Power      Damage    Failure   Level
 Dazzling Flash           Conj/Hex       24%        N/A       16%         3
 Frozen Ramparts          Ice            4%         1d1       41%         3
 Fulminant Prism          Conj/Hex       6%         3d6       45%         4
 Iskenderun's Mystic Bla  Conj/Tloc      12%        2d5       45%         4
 Petrify                  Tmut/Erth      2%         N/A       82%         4
 Metabolic Englaciation   Hex/Ice        1%         N/A       99%         5


Dungeon Overview and Level Annotations

Branches:
Dungeon (2/15)

Altars:


Innate Abilities, Weirdness & Mutations

Your plain brown scales are hard. (AC +5)
You cannot fit into any form of body armour.
You are cold-blooded and may be slowed by cold attacks.


Message History

The gnoll attacks as it pursues you! The gnoll hits you but does no damage.
The gnoll attacks as it pursues you! The gnoll hits you but does no damage.
The gnoll attacks as it pursues you! The gnoll barely misses you.
The gnoll attacks as it pursues you! The gnoll barely misses you.
The gnoll attacks as it pursues you! The gnoll hits you but does no damage.
The gnoll attacks as it pursues you! The gnoll hits you with a +0 club.
* * * LOW HITPOINT WARNING * * *
The gnoll attacks as it pursues you! The gnoll barely misses you.
Casting: Searing Ray (safe; 3% risk of failure)
Confirm with . or Enter, or press ? or * to list all spells.
Aiming: Searing Ray (safe; 3% risk of failure)
Press: ? - help, Shift-Dir - straight line, f - gnoll
Aim: a gnoll, wielding a +0 flail (81% to hit)
The searing ray misses the gnoll. x2; The searing ray hits the gnoll!
The gnoll is almost dead. (Press . to maintain the ray.)
The searing ray hits the gnoll!
You kill the gnoll!
The searing ray hits the gnoll.
You kill the gnoll!
The gnoll hits you with a +0 club.
* * * LOW HITPOINT WARNING * * *
The gnoll attacks as it pursues you! The gnoll barely misses you.
The gnoll closely misses you. The gnoll attacks as it pursues you!
The gnoll closely misses you. The gnoll attacks as it pursues you!
The gnoll closely misses you. The gnoll attacks as it pursues you!
The gnoll hits you with a +0 club.
* * * LOW HITPOINT WARNING * * *
The gnoll attacks as it pursues you! The gnoll barely misses you.
The gnoll attacks as it pursues you! The gnoll closely misses you.
The gnoll attacks as it pursues you! The gnoll misses you.
Casting: Searing Ray (safe; 2% risk of failure)
Confirm with . or Enter, or press ? or * to list all spells.
Aiming: Magic Dart (safe; 1% risk of failure)
Press: ? - help, Shift-Dir - straight line, f - gnoll
Aim: a gnoll, wielding a +0 club (moderately wounded, 100% to hit)
The magic dart hits the gnoll!
The gnoll is almost dead.
The gnoll hits you with a +0 club.
You die...

..######...##.....#....# #..
........##.............###
#..
.####.#............###...#
##.
..###....##.##.........#.#
#..
#.....#####.......####.#.#
#.. .................##
#...#### #..
#####..###....##.######.....#
#.. ##.....##..#g....###.##.#
#.. ##..#####..@......#.##.#
#.. ##.# #########...##.###.)
#.# ##..#....... ###
##.)....... ##........
##....... ########


You could see a gnoll.

Vanquished Creatures
  3 gnolls (D:2)
  2 adders (D:2)
  A worm (D:2)
  6 endoplasms
  2 giant cockroaches
  4 goblins
  5 hobgoblins
  2 jackals (D:1)
  2 kobolds (D:2)
  A quokka (D:2)
  2 ball pythons
  2 frilled lizards (D:1)
  4 rats
36 creatures vanquished.

Notes
Turn   | Place    | Note
-------+----------+-------------------------------------------
     0 | D:1      | Barriton the Draconian Conjurer began the quest for the
                  | Orb.
     0 | D:1      | Reached XP level 1. HP: 14/14 MP: 3/3
   404 | D:1      | Reached XP level 2. HP: 20/20 MP: 3/5
   791 | D:1      | Found Ykkakh's Assorted Antiques.
  1323 | D:2      | Reached XP level 3. HP: 26/26 MP: 0/6
  1329 | D:2      | Learned a level 2 spell: Searing Ray
  1898 | D:2      | Reached XP level 4. HP: 33/33 MP: 0/8
  1944 | D:2      | Slain by a gnoll

Illustrated notes

Levels and vault maps discovered:
D:1:      dpeg_arrival_lava_temple_mockup, layout_loops_corners, serial_shops,
          shop, minivault_27
D:2:      layout_rooms

Skill      XL: |  1  2 |
---------------+-------+-----
Stealth        | 2 |  2.1
Dodging        | 2 |  2.0
Unarmed Combat | |  0.3
Spellcasting   | |  2.9
Conjurations   | |  4.9

Action                     |  1- 3 |  4- 6 || total
---------------------------+-------+-------++-------
  Melee: Unarmed           |    16 |     5 ||    21
         Tailslap          |     5 |     1 ||     6
         Punch             |     1 |       ||     1
   Cast: Magic Dart        |    75 |     1 ||    76
         Searing Ray       |     1 |     1 ||     2
    Use: Scroll            |     3 |       ||     3
 Armour: Skin              |    10 |    17 ||    27
  Dodge: Dodged            |    10 |    23 ||    33

Table legend: (Time is in decaauts)
 A = Elapsed time spent in this place.
 B = Non-inter-level travel time spent in this place.
 C = Inter-level travel time spent in this place.
 D = Time resting spent in this place.
 E = Time spent auto-exploring this place.
 F = Levels seen in this place.
 G = Mean time per level.
                   A        B        C        D        E       F      G
               +--------+--------+--------+--------+--------+-----+--------+
         Total |   1944 |   1924 |     20 |      0 |   1683 |   2 |  972.0 |
       Dungeon |   1944 |   1924 |     20 |      0 |   1683 |   2 |  972.0 |
               +--------+--------+--------+--------+--------+-----+--------+

Top non-repeatable levels by time:
     D:1: 1244 daAuts
     D:2: 700 daAuts
